 Dungeon Crawl Stone Soup version 0.29-a0-323-g050149af67 (webtiles) character file.

Game seed: 10757559465438269806

206 hellse the Quickloader (level 6, -1/35 HPs)
             Began as a Kobold Hunter on Apr 11, 2022.
             Slain by a kobold brigand
             ... wielding a +5 short sword
              (7 damage)
             ... in a sewer.
             The game lasted 00:02:27 (2593 turns).

hellse the Quickloader (Kobold Hunter)              Turns: 2593, Time: 00:02:27

Health: -1/35      AC:  6    Str: 10    XL:     6   Next: 10%
Magic:  6/6        EV: 14    Int: 11    God:
Gold:   113        SH:  0    Dex: 18    Spells: 5/5 levels left

rFire   . . .      SeeInvis .   a - +1 hand crossbow
rCold   + . .      Faith    .   (no shield)
rNeg    . . .      Spirit   .   o - +2 leather armour {rC+}
rPois   .          Reflect  .   (no helmet)
rElec   .          Harm     .   (no cloak)
rCorr   .          Rampage  .   (no gloves)
Will    .....                   k - +0 pair of boots
Stlth   +++.......              (no amulet)
HPRegen 0.11/turn               (no ring)
MPRegen 0.10/turn               (no ring)

@: mighty
A: small, no large weapons, nightstalker 3
a: no special abilities


You were in a sewer.
You visited 1 branch of the dungeon, and saw 3 of its levels.
You also visited: Sewer.

You collected 113 gold pieces.

Inventory:

Hand Weapons
 a - a +1 hand crossbow (weapon)
Armour
 b - a +0 leather armour
 k - a +0 pair of boots (worn)
 o - a +2 leather armour of cold resistance (worn)
Scrolls
 c - a scroll of immolation
 d - a scroll of noise {unknown}
 g - a scroll of magic mapping
 i - a scroll of vulnerability
 l - a scroll of fog
 n - a scroll of enchant armour
Potions
 f - a potion of might
 h - 2 potions of magic {unknown}
 j - a potion of attraction {unknown}
 m - 2 potions of degeneration {unknown}
 p - a potion of experience {unknown}
 q - a potion of brilliance {unknown}


   Skills:
 - Level 2.1 Fighting
 + Level 9.1 Crossbows
 - Level 2.4 Dodging
 - Level 1.3 Stealth


You had 5 spell levels left.
You didn't know any spells.
Your spell library was empty.

Dungeon Overview and Level Annotations

Branches:
Dungeon (3/15)              Sewer (1/1)

Altars:


Innate Abilities, Weirdness & Mutations

You are small and have problems with some larger weapons.
You are completely attuned to the shadows.


Message History

Unknown command.
Unknown command.
Shoot: a) +1 hand crossbow
Press: ? - help, Q - select action Shift-Dir - straight line, f/p - kobold brigand
Aim: a kobold brigand, wielding a +0 short sword and quivering poisoned darts (severely wounded, 62% to hit)
You shoot a bolt. The bolt hits the kobold brigand.
The kobold brigand is almost dead.
The kobold closely misses you.
The kobold brigand hits you with a +5 short sword.
The kobold brigand closely misses you.
Unknown command.
Unknown command.
Shoot: a) +1 hand crossbow
Press: ? - help, Q - select action Shift-Dir - straight line, f/p - kobold brigand
Aim: a kobold brigand, wielding a +0 short sword and quivering poisoned darts (almost dead, 62% to hit)
You shoot a bolt. The bolt hits the kobold brigand.
The kobold brigand is almost dead.
The kobold misses you. The kobold brigand closely misses you.
The kobold brigand hits you with a +0 short sword.
Unknown command.
Unknown command.
Shoot: a) +1 hand crossbow
Press: ? - help, Q - select action Shift-Dir - straight line, f/p - kobold brigand
Aim: a kobold brigand, wielding a +0 short sword and quivering poisoned darts (almost dead, 62% to hit)
You shoot a bolt. The bolt hits the kobold brigand.
The kobold brigand is almost dead.
The kobold closely misses you.
The kobold brigand hits you with a +5 short sword.
The kobold brigand hits you with a +0 short sword.
* * * LOW HITPOINT WARNING * * *
Unknown command.
Unknown command.
Shoot: a) +1 hand crossbow
Press: ? - help, Q - select action Shift-Dir - straight line, f/p - kobold brigand
Aim: a kobold brigand, wielding a +0 short sword and quivering poisoned darts (almost dead, 62% to hit)
You shoot a bolt. The bolt hits the kobold brigand!
You kill the kobold brigand!
The kobold hits you but does no damage.
The kobold brigand hits you with a +5 short sword!
You die...

##.....≈≈≈≈≈≈≈#≈≈...###
#.....≈≈≈#≈≈≈#P≈..##
##....≈≈P#≈≈≈#....##
#......≈#≈≈≈#.....#
#......≈#≈≈≈#.....#
#.......#≈≈≈#≈≈≈..#
##...≈.≈#≈≈≈#≈≈...#
#...≈≈≈#≈≈≈#≈≈≈..#
###.@K≈#≈≈≈≈≈≈)..#
##K)##≈≈≈##')###
..?.#≈≈≈#.)..#
#...!#####....# #..∩.#
#.∩..# #....# ######


You could see a kobold brigand and a kobold.

Vanquished Creatures
  3 kobold brigands (Sewer)
  An adder (D:3)
  2 dart slugs (D:2)
  2 endoplasms (D:1)
  7 giant cockroaches
  2 goblins (D:1)
  4 hobgoblins
  4 jackals (D:1)
  12 kobolds
  9 ball pythons
  6 bats
  4 frilled lizards
  7 rats
63 creatures vanquished.

Notes
Turn   | Place    | Note
-------+----------+-------------------------------------------
     0 | D:1      | hellse the Kobold Hunter began the quest for the Orb.
     0 | D:1      | Reached XP level 1. HP: 12/12 MP: 1/1
   125 | D:1      | Found a faded altar of an unknown god.
   162 | D:1      | Reached XP level 2. HP: 17/17 MP: 2/2
   249 | D:1      | Reached skill level 6 in Crossbows
   461 | D:1      | Reached XP level 3. HP: 21/21 MP: 3/3
  1540 | D:2      | Reached skill level 7 in Crossbows
  1702 | D:3      | Found a glowing drain.
  1720 | D:3      | Reached XP level 4. HP: 26/26 MP: 4/4
  1740 | Sewer    | Entered a sewer
  1865 | Sewer    | Noticed a kobold brigand
  1875 | Sewer    | Killed a kobold brigand
  1876 | Sewer    | Reached skill level 8 in Crossbows
  1876 | Sewer    | Reached XP level 5. HP: 14/30 MP: 5/5
  2233 | Sewer    | Noticed a kobold brigand
  2249 | Sewer    | Killed a kobold brigand
  2250 | Sewer    | Reached skill level 9 in Crossbows
  2250 | Sewer    | Reached XP level 6. HP: 11/35 MP: 6/6
  2593 | Sewer    | Slain by a kobold brigand

Illustrated notes

Levels and vault maps discovered:
D:1:      evilmike_arrival_plus, layout_basic,
          hellmonk_ecumenical_altar_leap_of_faith, minmay_distorted
D:2:      layout_rooms
D:3:      layout_rooms, mainiacjoe_overflow_alcove_1, gup_sewer_entry_glass,
          uniq_robin, uniq_grinder
Sewer:    kennysheep_pipe_town

Skill      XL: |  1  2  3  4  5 |
---------------+----------------+-----
Crossbows      | 6 7 8 9 |  9.1
Fighting       | |  2.1
Dodging        | |  2.4
Stealth        | |  1.3

Action                   |  1- 3 |  4- 6 || total
-------------------------+-------+-------++-------
 Fire: Hand crossbow     |    89 |    92 ||   181
  Use: Scroll            |     6 |       ||     6
       Potion            |       |     4 ||     4
Armor: Leather armour    |    10 |    27 ||    37
       Skin              |       |    18 ||    18
Dodge: Dodged            |    43 |    69 ||   112

Table legend: (Time is in decaauts)
 A = Elapsed time spent in this place.
 B = Non-inter-level travel time spent in this place.
 C = Inter-level travel time spent in this place.
 D = Time resting spent in this place.
 E = Time spent auto-exploring this place.
 F = Levels seen in this place.
 G = Mean time per level.
                   A        B        C        D        E       F      G
               +--------+--------+--------+--------+--------+-----+--------+
         Total |   2656 |   2532 |    124 |    241 |   1921 |   4 |  664.0 |
       Dungeon |   1762 |   1638 |    124 |      0 |   1385 |   3 |  587.3 |
         Sewer |    894 |    894 |      0 |    241 |    536 |   1 |  894.0 |
               +--------+--------+--------+--------+--------+-----+--------+

Top non-repeatable levels by time:
     D:1: 1087 daAuts
   Sewer: 894 daAuts
     D:2: 612 daAuts
     D:3: 61 daAuts
